 Dungeon Crawl Stone Soup version 0.32-a0-900-g30fb1b0edc (webtiles) character file.

Game seed: 10328484245020125536

109 wilfster70 the Magician (level 5, 0/35 HPs)
             Began as a Djinni Conjurer on Apr 5, 2024.
             Slain by a killer bee (7 damage)
             ... on level 3 of the Dungeon.
             The game lasted 00:07:46 (2301 turns).

wilfster70 the Magician (Djinni Conjurer)           Turns: 2301, Time: 00:07:46

Health: 0/35       AC:  4    Str:  6    XL:     5   Next: 13%
Gold:   179        EV: 11    Int: 21    God:
                   SH:  0    Dex: 12

rFire   + + +        a - +0 short sword (venom)
rCold   x . .        (no shield)
rNeg    . . .        g - +0 robe
rPois   ∞            (no helmet)
rElec   .            i - +1 cloak
rCorr   .            (no gloves)
SInv    .            (boots unavailable)
Will    +....        (no amulet)
Stlth   ++           k - ring of willpower
HPRegen 0.25/turn    s - ring of protection from fire

%: infuse magic (-1 HP)
@: flying
A: sickness immunity, fire resistance 2, cold vulnerability 1, float, innate
caster, HP casting, extra vitality 1
a: no special abilities


You were on level 3 of the Dungeon.
You visited 1 branch of the dungeon, and saw 4 of its levels.

You collected 179 gold pieces.

Inventory:

Hand Weapons
 a - a +0 short sword of venom (weapon)
Missiles
 m - 2 throwing nets
Armour
 f - a +0 kite shield of positive energy
 g - a +0 robe (worn)
 i - a +1 cloak (worn)
Jewellery
 k - a ring of willpower (left hand)
 s - a ring of protection from fire (right hand)
Wands
 c - a wand of roots (11)
 l - a wand of flame (11)
Scrolls
 b - a scroll of immolation
 d - a scroll of revelation {unknown}
 e - a scroll of fear {unknown}
 h - a scroll of enchant weapon {unknown}
 n - a scroll of enchant armour
 o - a scroll of summoning
 p - a scroll of fog
 q - 2 scrolls of teleportation


   Skills:
 - Level 2.1 Dodging
 - Level 1.5 Stealth
 + Level 5.0 Spellcasting
 + Level 5.0 Conjurations
 + Level 5.0 Hexes
   Level 0.0 Charms
 + Level 5.0 Summonings
 + Level 5.0 Necromancy
 + Level 5.0 Translocations
   Level 0.0 Transmutations
 + Level 5.0 Fire Magic
 + Level 5.0 Ice Magic
 + Level 5.0 Air Magic
 + Level 5.0 Earth Magic
 + Level 5.0 Alchemy


You knew the following spells:

 Your Spells              Type           Power      Damage    Failure   Level
a - Magic Dart            Conj           100%       1d8       1%          1
b - Searing Ray           Conj           52%        2d6       1%          2
c - Fulminant Prism       Conj/Alch      13%        3d9       14%         4
d - Iskenderun's Mystic Conj/Tloc 26%            2d7        (+2d3     14%         4
e - Kiss of Death         Conj/Necr      100%       2d13      1%          1
f - Momentum Strike       Conj/Tloc      52%        3d9       1%          2
Your spell library was empty.

Dungeon Overview and Level Annotations

Branches:
Dungeon (4/15)
 Temple: D:4-7

Altars:

Annotations:
D:3 2 transporters, picklenugget's ghost, amateur OnWr


Innate Abilities, Weirdness & Mutations

You are immune to sickness and miasma.
You are immune to poison.
Your flesh is very heat resistant. (rF++)
You are vulnerable to cold. (rC-)
You float through the air rather than walking.
You learn spells naturally, not from books.
Your magical power is your life essence.
You have superior vitality. (+4 MHP)


Message History

You fly downwards.
The endoplasm quivers.
Found 7 gold pieces.
There is a stone staircase leading up here.
There are monsters nearby!
The killer bee buzzes angrily. x2; You hear a shout!
The killer bee barely misses you.
A goblin comes into view. It is wielding a +0 dagger.
The killer bee buzzes angrily. x2
The killer bee stings you. The killer bee barely misses you.
The killer bee stings you. x2
You fly upwards.
Level annotation: 2 transporters, picklenugget's ghost, amateur OnWr
There is a stone staircase leading down here.
Casting: Magic Dart (safe; 1% risk of failure)
Confirm with . or Enter, or press ? or * to list all spells.
Aiming: Searing Ray (safe; 1% risk of failure)
Press: ? - help, Shift-Dir - straight line, f - killer bee
Aim: a killer bee (58% to hit)
The searing ray hits the killer bee.
The killer bee is moderately wounded. (Press . to maintain the ray.)
The killer bee stings you but does no damage.
The killer bee stings you. The killer bee misses you. x2
The searing ray hits the killer bee.
The killer bee is heavily wounded.
The killer bee stings you. x2; The killer bee closely misses you.
The killer bee stings you.
* * * LOW HITPOINT WARNING * * *
You aren't carrying any potions.
You aren't carrying any potions.
As you read the scroll labelled EBLEDACUZ, it crumbles to dust.
You hear a loud clanging noise!
It was a scroll of noise.
The killer bee closely misses you. The killer bee barely misses you.
The killer bee misses you. The killer bee barely misses you.
You barely miss the killer bee. The killer bee misses you.
The killer bee stings you but does no damage.
The killer bee stings you!
You die...

#.............##############.###
##...........### #.#
.........#.### #.# ##.......#.#
#.# ##.......#[#### #.###
....###....^..# #....
##.#.#..##.##.## ##...
...............###############...
##.###.###.##..y@y...............
##.# #.# #.##.####.###########.>.
##.# #.# #.##.#....# #...#####...
##.# #.###.#..#.#.####.........#.
..<###.##....................#...
....##.##....................#...
###.##.##.....###..###.......##..
#.#..##....##.####.##.###..###.
#..........#.#.##...###.#..# #.


You could see 2 killer bees.

Vanquished Creatures
  3 gnolls (D:2)
  An adder (D:3)
  A ribbon worm (D:2)
  3 dart slugs
  3 orcs (D:3)
  4 endoplasms
  4 giant cockroaches
  5 goblins
  3 hobgoblins
  2 jackals (D:1)
  8 kobolds
  5 quokkas
  3 ball pythons
  8 bats
  2 frilled lizards (D:1)
  3 rats
58 creatures vanquished.

Notes
Turn   | Place    | Note
-------+----------+-------------------------------------------
     0 | D:1      | wilfster70 the Djinni Conjurer began the quest for the Orb.
     0 | D:1      | wilfster70 set off with the following spells memorised:
                  | Magic Dart, Searing Ray, Fulminant Prism, Iskenderun's
                  | Mystic Blast.
     0 | D:1      | Reached XP level 1. HP: 15/15 MP: 0/0
   161 | D:1      | Reached XP level 2. HP: 17/21 MP: 0/0
   679 | D:1      | Reached XP level 3. HP: 18/25 MP: 0/0
   679 | D:1      | Learned a level 1 spell: Kiss of Death
   759 | D:1      | You are sucked into a shaft and drop 1 floor!
   814 | D:2      | Reached XP level 4. HP: 18/31 MP: 0/0
  1752 | D:3      | Noticed a small abomination
  1796 | D:3      | Found a transporter.
  1896 | D:3      | Found a transporter.
  1901 | D:3      | Noticed a kobold brigand
  1902 | D:3      | Noticed a small abomination
  2090 | D:3      | Reached skill level 5 in Spellcasting
  2090 | D:3      | Reached skill level 5 in Conjurations
  2090 | D:3      | Reached skill level 5 in Hexes
  2090 | D:3      | Reached skill level 5 in Summonings
  2090 | D:3      | Reached skill level 5 in Necromancy
  2090 | D:3      | Reached skill level 5 in Translocations
  2090 | D:3      | Reached skill level 5 in Fire Magic
  2090 | D:3      | Reached skill level 5 in Ice Magic
  2090 | D:3      | Reached skill level 5 in Air Magic
  2090 | D:3      | Reached skill level 5 in Earth Magic
  2090 | D:3      | Reached skill level 5 in Alchemy
  2090 | D:3      | Reached XP level 5. HP: 32/35 MP: 0/0
  2090 | D:3      | Learned a level 2 spell: Momentum Strike
  2191 | D:3      | Noticed picklenugget's ghost (amateur OnWr)
  2301 | D:3      | Slain by a killer bee

Illustrated notes

Levels and vault maps discovered:
D:1:      dpeg_arrival_short_road, layout_basic
D:2:      layout_loops_ring
D:3:      layout_loops_ring, gammafunk_ghost_abyssal_escape,
          minmay_misc_feat_plants, kennysheep_generic_room_12
D:4:      layout_cave_pools, chequers_temple_overflow_statue_of_worship,
          ebering_ghost_disaster_area, nicolae_shop_fire_sale
          [nicolae_sub_dead_trees], nicolae_take_the_stairs

Skill      XL: |  1  2  3  4 |
---------------+-------------+-----
Spellcasting   | 4 5 |  5.0
Conjurations   | 4 5 |  5.0
Hexes          | 4 5 |  5.0
Summonings     | 4 5 |  5.0
Necromancy     | 4 5 |  5.0
Translocations | 4 5 |  5.0
Fire Magic     | 4 5 |  5.0
Ice Magic      | 4 5 |  5.0
Air Magic      | 4 5 |  5.0
Earth Magic    | 4 5 |  5.0
Alchemy        | 4 5 |  5.0
Dodging        | |  2.1
Stealth        | |  1.5

Action                     |  1- 3 |  4- 6 || total
---------------------------+-------+-------++-------
  Melee: Short sword       |       |     7 ||     7
   Cast: Magic Dart        |    37 |    60 ||    97
         Searing Ray       |     2 |     3 ||     5
    Use: Scroll            |       |     5 ||     5
 Armour: Robe              |     8 |    24 ||    32
  Dodge: Dodged            |     3 |    20 ||    23

Table legend: (Time is in decaauts)
 A = Elapsed time spent in this place.
 B = Non-inter-level travel time spent in this place.
 C = Inter-level travel time spent in this place.
 D = Time resting spent in this place.
 E = Time spent auto-exploring this place.
 F = Levels seen in this place.
 G = Mean time per level.
                   A        B        C        D        E       F      G
               +--------+--------+--------+--------+--------+-----+--------+
         Total |   2299 |   2203 |     96 |    120 |    930 |   4 |  574.8 |
       Dungeon |   2299 |   2203 |     96 |    120 |    930 |   4 |  574.8 |
               +--------+--------+--------+--------+--------+-----+--------+

Top non-repeatable levels by time:
     D:1: 1089 daAuts
     D:2: 619 daAuts
     D:3: 588 daAuts
     D:4: 2 daAuts
